AoeStats
← I'm AOE2 Noob

Nomad

504990132Analyzed
4v4 RM · 26d ago on Sep 7, 2026· 35m 32s· 8 players
Game mode
Random Map
Map size
231×231
Population
200
Speed
Normal
Resources
Standard
Victory
Conquest
Starting age
Dark Age
Ending age
Imperial Age
RankedLock teamsTeams togetherTeam positionsShared explorationLock speedFull tech treeHidden civsTurbo modeCheats
Victory
Defeat
🇨🇳 Wu · China
1691
+8
🇨🇳 Mapuche · China
1685
+8
🇨🇳 Spanish · China
1544
+14
🇨🇳 Koreans · China
1540
+14
🇺🇸 Saracens · United States
1598
-14
🇹🇷 Spanish · Türkiye
1517
-12
🇫🇮 Japanese · Finland
1462
-10
🇫🇮 Huns · Finland
1420
-8
busy pushing deer
4:56 Loom
14:38 Feudal Age
19:38 Castle Age
17:48 Double-Bit Axe
20:46 Fletching
31:14 Bimaristan
31:58 Bow Saw
34:08 Wheelbarrow
33:18 Town Watch
35:49 Husbandry
Markki22 kela.fi
5:57 Loom
13:46 Feudal Age
18:02 Castle Age
18:36 Fletching
22:56 Thumb Ring
24:18 Ballistics
28:07 Padded Archer Armor
27:56 Double-Bit Axe
36:07 Wheelbarrow
Kullervo
6:11 Loom
14:50 Feudal Age
15:26 Double-Bit Axe
16:00 Horse Collar
18:22 Castle Age
16:44 Fishing Lines
17:39 Stone Mining
17:51 Gold Mining
18:25 Fletching
21:13 Bow Saw
23:02 Wheelbarrow
22:28 Town Watch
32:30 Imperial Age
31:17 Ballistics
31:43 Hand Cart
31:23 Guard Tower
31:29 Bodkin Arrow
32:40 Masonry
34:37 Hand Cart
vela
10:19 Loom
12:32 Feudal Age
13:07 Town Watch
13:15 Fishing Lines
19:19 Castle Age
17:45 Double-Bit Axe
18:26 Fletching
22:17 Bodkin Arrow
I'm AOE2 Noob
4:34 Loom
15:04 Feudal Age
15:45 Double-Bit Axe
18:39 Castle Age
16:36 Stone Mining
18:16 Fishing Lines
19:42 Gold Mining
20:16 Fletching
20:43 Gillnets
21:16 Padded Archer Armor
22:43 Horse Collar
24:17 Bow Saw
26:35 Wheelbarrow
26:21 Town Watch
29:08 Stone Shaft Mining
32:17 Imperial Age
32:09 Leather Archer Armor
32:32 Husbandry
32:43 Bloodlines
32:26 Elite Skirmisher
33:48 Ballistics
34:41 Thumb Ring
35:12 Ring Archer Armor
36:50 Chemistry
TS-精锐狐狐
5:35 Loom
13:46 Feudal Age
17:35 Fletching
18:07 Padded Archer Armor
22:47 Double-Bit Axe
22:43 Horse Collar
28:31 Castle Age
29:22 Bodkin Arrow
32:09 Leather Archer Armor
36:30 Ballistics
慕华花繁
13:53 Feudal Age
12:11 Loom
13:57 Feudal Age
15:40 Fishing Lines
18:15 Castle Age
16:21 Double-Bit Axe
20:04 Fletching
20:05 Gillnets
21:05 Bodkin Arrow
22:19 Padded Archer Armor
26:15 Wheelbarrow
25:38 Gold Mining
25:38 Stone Mining
25:49 Horse Collar
26:42 Town Watch
27:44 Ballistics
29:32 Hand Cart
31:11 Red Cliffs Tactics
31:29 Heavy Plow
32:51 Bow Saw
36:38 Imperial Age
35:04 Gold Shaft Mining
35:05 Stone Shaft Mining
35:57 Leather Archer Armor
35:55 Masonry
进化论
5:13 Loom
13:41 Feudal Age
17:22 Castle Age
15:44 Fletching
17:26 Double-Bit Axe
17:25 Horse Collar
19:55 Bodkin Arrow
23:14 Gold Mining
23:43 Stone Mining
26:38 Town Watch
31:10 Ballistics
36:44 Imperial Age
34:46 Devotion
35:32 Wheelbarrow
35:30 Masonry
36:07 Gold Shaft Mining
Connection lost

Rejoining the realm…

Still unreachable

The connection could not be restored.

Session expired

The server has moved on; the page needs a fresh start.